Map: Ever Dream LE

Players

PokeToss

  • Race: Protoss Protoss
  • League: Gold
  • Spawn Location: 7:00

lorghandy

  • Race: Terran Terran
  • League: Silver
  • Spawn Location: 1:00

VOD

Have the link to the VOD?

Description

Time

  • Played on: Aug. 21, 2020, 11:08 p.m.
  • Length: 15:42
Show
View Real Time Build Order
Export as new Build Order

PokeToss Protoss 

Build Orders: 1 Gate Expand, Colossus Rush 

Get SALT Encoding   

  12  0:01  Probe  
  13  0:13  Probe  
  14  0:18  Pylon  
  14  0:25  Probe (Chrono Boost)  
  15  0:37  Probe (Chrono Boost)  
  15  0:40  Gateway  
  16  0:46  Assimilator  
  16  0:49  Probe  
  17  1:01  Probe (Chrono Boost)  
  18  1:13  Probe (Chrono Boost)  
  19  1:28  Cybernetics Core  
  19  1:40  Nexus  
  19  1:44  Pylon  
  19  1:49  Assimilator  
  19  1:51  Probe  
  20  2:03  Probe  
  20  2:04  Stalker (Chrono Boost)  
  23  2:11  Warp Gate  
  23  2:15  Probe  
  24  2:30  Probe  
  24  2:32  Stalker  
  27  2:40  Robotics Facility  
  27  2:43  Probe (Chrono Boost)  
  28  2:53  Probe (Chrono Boost)  
  30  3:01  Probe (Chrono Boost)  
  30  3:03  Probe (Chrono Boost)  
  31  3:07  Probe x2 (Chrono Boost)  
  33  3:15  Stalker  
  33  3:19  Probe  
  36  3:31  Robotics Bay  
  36  3:32  Immortal (Chrono Boost)  
  38  4:11  Stalker  
  40  4:18  Colossus (Chrono Boost), Gateway  
  40  4:20  Gateway  
  46  4:40  Pylon  
  46  4:45  Nexus  
  46  4:50  Pylon  
  46  4:58  Probe x2  
  46  4:59  Twilight Council  
  48  5:00  Forge  
  48  5:06  Assimilator  
  48  5:10  Probe x2  
  48  5:11  Assimilator  
  50  5:18  Extended Thermal Lance (Chrono Boost)  
  50  5:22  Probe x2  
  50  5:24  Observer (Chrono Boost)  
  50  5:28  Zealot x2  
  55  5:34  Protoss Ground Weapons Level 1 (Chrono Boost), Probe x2  
  59  5:40  Pylon  
  59  5:46  Probe x2  
  59  5:47  Charge (Chrono Boost)  
  61  5:58  Probe (Chrono Boost)  
  61  6:04  Observer, Probe x2 (Chrono Boost)  
  64  6:05  Colossus (Chrono Boost)  
  64  6:08  Probe (Chrono Boost)  
  73  6:12  Probe x2 (Chrono Boost)  
  73  6:13  Observer, Probe (Chrono Boost)  
  74  6:22  Gateway  
  74  6:23  Probe, Gateway  
  75  6:42  Zealot x3  
  81  6:47  Probe x2, Templar Archives  
  81  6:51  Observer  
  81  6:52  Probe  
  84  6:59  Probe  
  85  7:04  Pylon  
  85  7:06  Pylon  
  85  7:12  Gateway  
  85  7:22  Colossus  
  91  7:23  Probe x2  
  91  7:24  Probe  
  91  7:25  Zealot  
  91  7:26  Zealot x2  
  91  7:27  Protoss Ground Weapons Level 2 (Chrono Boost)  
  100  7:38  Blink (Chrono Boost)  
  100  7:49  Pylon  
  100  7:50  Pylon  
  100  7:52  Shield Battery  
  100  7:53  Shield Battery  
  100  8:01  Nexus  
  100  8:03  Pylon  
  100  8:04  Pylon  
  100  8:07  Zealot x3  
  100  8:08  Zealot x2  
  110  8:17  Pylon  
  110  8:19  Pylon  
  110  8:22  Colossus (Chrono Boost)  
  116  8:29  Zealot x2  
  116  8:30  Zealot x4  
  128  8:45  Assimilator  
  128  8:46  Probe x3  
  128  8:48  Assimilator  
  131  8:50  High Templar x4  
  131  8:51  High Templar  
  131  8:54  High Templar  
  143  8:56  Archon x2  
  143  8:58  Archon, Probe  
  143  8:59  Unknown  
  144  9:07  Gateway  
  144  9:08  Gateway  
  144  9:23  Zealot x3  
  144  9:24  Zealot x2  
  110  10:06  Zealot x2  
  96  10:07  Zealot x6  
  96  10:09  Probe x2  
  96  10:10  Probe  
  96  10:12  Probe  
  104  10:17  Gateway  
  104  10:20  Gateway  
  98  10:21  Probe  
  98  10:22  Probe x2  
  98  10:24  Probe  
  102  10:28  High Templar x3  
  102  10:29  High Templar x5  
  102  10:31  Nexus  
  102  10:32  Protoss Ground Weapons Level 3 (Chrono Boost)  
  102  10:33  Probe  
  102  10:34  Probe x2  
  121  10:51  Probe x3  
  121  10:55  Probe  
  125  11:02  Psionic Storm  
  125  11:03  Probe, Pylon  
  126  11:04  Zealot x2  
  126  11:05  Zealot x3, Pylon  
  126  11:06  Zealot x3  
  126  11:09  Archon x2  
  142  11:12  Disruptor (Chrono Boost)  
  145  11:19  Zealot x2  
  145  11:24  Zealot  
  145  11:25  Zealot x3  
  157  11:26  Zealot x3  
  157  11:27  Zealot  
  157  11:31  Probe x4  
  169  11:43  Probe x3  
  169  11:44  Probe  
  173  11:47  Shield Battery x2  
  173  11:49  Zealot x4  
  173  11:50  Zealot x4  
  173  11:51  Zealot x2  
  193  12:01  Pylon  
  193  12:04  Pylon, Probe  
  193  12:05  Probe  
  193  12:06  Pylon  
  195  12:08  Pylon  
  195  12:19  Disruptor (Chrono Boost), Pylon, Probe  
  195  12:20  Probe  
  200  12:45  Pylon  
  200  13:01  Pylon  
  177  13:23  Pylon  
  137  13:36  Zealot x4  
  137  13:37  Zealot x3  
  137  13:38  Zealot x2  
  155  13:44  Protoss Shields Level 1 (Chrono Boost)  
  155  13:47  Probe x4  
  153  13:50  Stargate  
  153  13:52  Stargate  
  153  13:55  Stargate  
  153  13:56  Stargate  
  126  14:38  Assimilator  
  126  14:39  Assimilator  
  126  14:41  Nexus  
  126  14:44  Pylon  
  126  14:45  Pylon  
  126  14:47  Pylon  
  126  14:52  Fleet Beacon  
  126  14:58  Zealot x4  
  126  14:59  Zealot x3  
  140  15:00  Zealot x3  
  148  15:14  Warp Prism (Chrono Boost)  
  144  15:29  Photon Cannon x2  
  144  15:31  Photon Cannon  
  144  15:33  Photon Cannon  
  144  15:35  Photon Cannon  
  144  15:36  Photon Cannon  
  144  15:37  Photon Cannon  
  144  15:40  Zealot x5  
  144  15:41  Zealot x4, Shield Battery  
Show
View Real Time Build Order
Export as new Build Order

lorghandy Terran 

Build Orders:  

Get SALT Encoding   

  12  0:00  SCV  
  13  0:16  Supply Depot  
  13  0:17  SCV  
  14  0:30  SCV  
  15  0:39  Barracks  
  15  0:42  SCV  
  16  0:48  Refinery  
  16  0:54  SCV  
  17  1:06  SCV  
  19  1:18  SCV  
  19  1:28  Marine  
  20  1:35  Command Center  
  20  1:39  SCV  
  21  1:51  Orbital Command  
  21  1:52  Marine  
  22  2:16  Barracks Tech Lab  
  22  2:17  Supply Depot  
  21  2:25  SCV  
  22  2:38  Barracks  
  22  2:40  Barracks  
  22  2:52  Concussive Shells  
  22  2:58  Marauder  
  24  3:01  SCV  
  25  3:07  Refinery  
  25  3:13  SCV  
  25  3:14  Factory  
  25  3:18  Orbital Command  
  26  3:25  Marauder  
  28  3:33  SCV  
  29  3:37  Barracks Tech Lab, Barracks Reactor, Bunker  
  29  3:46  SCV  
  29  3:52  Stimpack  
  29  3:54  Marine  
  30  3:57  SCV  
  30  3:58  SCV  
  31  4:09  SCV  
  31  4:10  SCV  
  31  4:13  Marauder  
  31  4:15  Marine x2, Marauder  
  38  4:18  Factory Tech Lab  
  38  4:22  SCV x2  
  40  4:33  Marine  
  40  4:34  Marauder  
  40  4:37  Marauder  
  45  4:44  Marine  
  46  4:53  Barracks  
  46  4:56  Supply Depot  
  46  5:17  Marine  
  46  5:18  Supply Depot, SCV x2, Marauder x2  
  46  5:20  Supply Depot  
  53  5:22  Supply Depot  
  53  5:27  Combat Shield  
  53  5:32  Starport  
  53  5:37  SCV  
  53  5:40  Siege Tank, SCV  
  58  5:44  Supply Depot x3  
  58  5:45  Marine  
  58  5:46  Marine, Marauder x2  
  58  5:49  SCV  
  65  5:52  SCV  
  65  5:53  Barracks Reactor  
  66  6:00  Engineering Bay  
  66  6:04  Engineering Bay  
  66  6:06  SCV x2  
  68  6:18  SCV  
  69  6:25  Refinery  
  69  6:28  Refinery  
  69  6:39  SCV x2  
  71  6:40  Marine x3, Marauder x2  
  71  6:45  Terran Infantry Weapons Level 1  
  71  6:46  Terran Infantry Armor Level 1  
  78  6:51  Marine, SCV  
  78  6:53  Starport Reactor  
  80  7:02  Marauder x2  
  84  7:16  Supply Depot  
  84  7:18  Supply Depot  
  84  7:23  Marauder  
  86  7:31  Marine x3, Marauder  
  91  7:38  Command Center  
  91  7:42  Armory  
  91  7:44  SCV, Marauder  
  91  7:45  SCV  
  91  7:48  Siege Tank  
  91  7:49  Marine  
  91  7:50  Marine  
  100  7:53  Marauder  
  100  7:56  SCV, Medivac  
  105  7:59  Medivac  
  105  8:05  SCV  
  108  8:09  SCV  
  109  8:14  Marine x3  
  109  8:15  Marine, Marauder x2  
  109  8:17  SCV  
  118  8:21  SCV  
  118  8:32  Marine  
  119  8:37  Medivac x2  
  123  8:43  Supply Depot  
  123  8:44  Supply Depot  
  123  9:07  Supply Depot  
  123  9:09  Supply Depot  
  123  9:11  SCV x2  
  123  9:12  Marine x3  
  123  9:13  Marine, Marauder x2  
  123  9:15  Medivac x2  
  137  9:19  Terran Infantry Weapons Level 2  
  137  9:23  SCV x2  
  139  9:27  Terran Infantry Armor Level 2  
  139  9:30  Marine x2  
  141  9:34  Marauder x2  
  145  9:45  Medivac x2  
  147  9:55  Marauder  
  147  9:56  Marauder  
  100  10:10  Marine x2  
  100  10:11  Marine x2  
  100  10:12  Siege Tank  
  91  10:17  Marauder x2  
  91  10:27  Planetary Fortress  
  91  10:28  Marine x2  
  93  10:38  Marauder x2  
  97  10:43  Barracks  
  97  10:44  Barracks, Siege Tank  
  97  10:47  Barracks  
  100  10:51  Marine x4  
  104  10:57  Refinery  
  104  10:59  SCV x2  
  104  11:00  Refinery, Marauder x2  
  110  11:06  SCV  
  110  11:09  Marine x2  
  113  11:11  SCV  
  113  11:15  Supply Depot x3  
  114  11:21  Marauder x2  
  118  11:27  SCV x2  
  118  11:28  SCV  
  121  11:38  Marine x4  
  121  11:39  Marine, SCV  
  128  11:40  Barracks Tech Lab, SCV  
  128  11:42  Marauder  
  128  11:43  Marauder  
  128  11:45  Barracks Reactor  
  132  11:48  Terran Infantry Weapons Level 3  
  132  11:50  Terran Infantry Armor Level 3  
  132  11:56  Marine x3  
  132  11:57  Medivac  
  132  11:58  Medivac  
  139  12:04  Marauder x2  
  143  12:20  Barracks Reactor  
  143  12:25  Marauder  
  143  12:27  Siege Tank, Barracks Reactor, Marine x2  
  143  12:28  Marine  
  151  12:40  Marine x3  
  154  12:45  Marine x2  
  154  12:47  Marauder  
  158  12:51  Command Center  
  158  12:56  Starport x2  
  158  13:00  Viking x2  
  158  13:08  Marauder  
  99  13:29  Marauder  
  99  13:30  Viking x2  
  54  13:48  Marine  
  53  13:49  Marine x6  
  53  13:50  Marine x3  
  53  13:51  Marauder  
  38  14:06  Marine x2  
  38  14:07  Marine x6, Viking x2  
  38  14:08  Marine x2  
  52  14:12  Marauder  
  33  14:33  Marine x4  
  33  14:34  Marine x3, Marauder  
  27  14:55  Marauder  
  27  14:59  Marine  
  19  15:00  Marine x5  
  11  15:17  Marine x2  
Tags
 
Add a new tag
Caveats
  • Supply blocks, unpowered buildings, or Contaminate may cause inaccurate times.
  • Supply counts are checked every 10 seconds.